 Dungeon Crawl Stone Soup version 0.29-a0-234-g0dae59b3db (webtiles) character file.

Game seed: 14279962205180706270

847 testman the Bolt Thrower (level 8, -4/67 HPs)
             Began as a Formicid Hunter on Mar 3, 2022.
             Was a Priest of Ignis.
             Slain by Duvessa
             ... wielding a +0 rapier
              (16 damage)
             ... on level 5 of the Dungeon.
             The game lasted 00:13:28 (5028 turns).

testman the Bolt Thrower (Formicid Hunter)          Turns: 5028, Time: 00:13:29

Health: -4/67      AC:  4    Str: 16    XL:     8   Next: 20%
Magic:  8/8        EV: 11    Int: 12    God:    Ignis [***...]
Gold:   175        SH:  0    Dex: 13    Spells: 7/7 levels left

rFire   + . .      SeeInvis +   a - +1 hand crossbow
rCold   . . .      Faith    .   (no shield)
rNeg    . . .      Spirit   .   b - +0 leather armour
rPois   .          Reflect  .   (helmet unavailable)
rElec   .          Harm     .   m - +0 cloak
rCorr   +          Rampage  .   (no gloves)
Will    +....                   (no boots)
Stlth   +.........              (no amulet)
HPRegen 0.21/turn               h - ring of resist corrosion
MPRegen 0.11/turn               w - ring of willpower

@: no status effects
A: permanent stasis, dig shafts and tunnels, antennae 3, four strong arms
a: Dig, Shaft Self, Renounce Religion, Fiery Armour, Foxfire Swarm, Rising Flame


You were on level 5 of the Dungeon.
You worshipped Ignis.
Ignis was most pleased with you.
You visited 1 branch of the dungeon, and saw 5 of its levels.
You also visited: Sewer.

You collected 175 gold pieces.

Inventory:

Hand Weapons
 a - a +1 hand crossbow (weapon)
Missiles
 q - 3 curare-tipped darts
 u - a throwing net
 x - 5 atropa-tipped darts
Armour
 b - a +0 leather armour (worn)
 m - a +0 cloak (worn)
Jewellery
 h - a ring of resist corrosion (left hand)
 w - a ring of willpower (right hand)
Scrolls
 c - a scroll of amnesia {unknown}
 f - 3 scrolls of identify {unknown}
 k - a scroll of fear {unknown}
 l - a scroll of vulnerability {unknown}
 n - a scroll of teleportation {unknown}
 o - 2 scrolls of magic mapping {unknown}
 r - a scroll of fog {unknown}
 s - a scroll of blinking {unknown}
 y - a scroll of enchant weapon {unknown}
Potions
 d - a potion of degeneration {unknown}
 e - a potion of mutation {unknown}
 g - 5 potions of haste {unknown}
 i - a potion of ambrosia {unknown}
 j - a potion of magic {unknown}
 p - 3 potions of brilliance {unknown}
 t - a potion of cancellation {unknown}
 v - a potion of resistance {unknown}
 z - 2 potions of curing {unknown}
 A - a potion of heal wounds {unknown}
 B - a potion of attraction {unknown}


   Skills:
 + Level 7.0 Fighting
 + Level 7.4 Crossbows
 - Level 1.7 Dodging
 - Level 1.2 Stealth


You had 7 spell levels left.
You didn't know any spells.
Your spell library was empty.

Dungeon Overview and Level Annotations

Branches:
Dungeon (5/15)              Sewer (visited)
 Temple: D:4-7

Altars:
Ashenzari
Ignis

Annotations:
D:5 Duvessa


Innate Abilities, Weirdness & Mutations

You cannot be hasted, slowed, berserked, paralysed or teleported.
You can dig through walls and to a lower floor.
You have a pair of large antennae on your head. (SInv)
Your four strong arms can wield two-handed weapons with a shield.


Message History

Dowan is burned by your cloak of flames.
Dowan is almost dead.
You shoot a bolt. The bolt hits Dowan.
You kill Dowan!
You hear a distant scream of rage.
Your Fighting skill increases to level 7!
No target in view!
No target in view!
An iguana comes into view.
You shoot a bolt.
The bolt hits the iguana but does no damage.
You shoot a bolt. The bolt hits the iguana.
The iguana is lightly wounded.
You shoot a bolt. The bolt barely misses the iguana.
You shoot a bolt. The bolt hits the iguana!
The iguana is heavily wounded.
You shoot a bolt.
The bolt hits the iguana but does no damage.
The iguana is heavily wounded.
Your fiery armour burns out.
Duvessa, Sister of Dowan comes into view.
She is wielding a +0 rapier.
You shoot a bolt. The bolt barely misses the iguana.
Duvessa goes berserk!
The iguana bites you!
Duvessa rages.
You shoot a bolt. The bolt hits the iguana.
The iguana is severely wounded.
The iguana bites you! Duvessa hits you with a +0 rapier!
The iguana bites you but does no damage.
You shoot a bolt. The bolt hits the iguana.
The iguana is almost dead.
Duvessa hits you with a +0 rapier! The iguana barely misses you.
Duvessa hits you with a +0 rapier!
* * * LOW HITPOINT WARNING * * *
You are too injured to fight recklessly!
You are too injured to fight recklessly!
Okay, then.
Activating: Foxfire Swarm
Press: ? - help, Dir - look around, f - activate Flames leap up around you!
Duvessa hits you with a +0 rapier!
You die...

#...............
#...##.........#
###.###........##
#..............#.
###...###........ ≈
##....###....... ...
####v....###.......
.....#evvv..###.......<.
.....vl@vv...##.....###.
.(...vvv#v.........## #
.....v####......#.##
.......##.....#####
..###..........# .#≈## .
.....###..##.#≈≈##
....##...#...#≈≈≈##
.............#≈≈≈≈#
....###.##..##≈≈≈≈≈


You could see Duvessa (berserk, ally target) and an iguana (ally target).

Vanquished Creatures
  A water moccasin (D:5)
  5 kobold brigands (Sewer)
  A scorpion (D:5)
  Dowan (D:5)
  A hound (D:5)
  An orc wizard (D:5)
  8 adders
  4 gnolls (D:3)
  5 worms
  2 dart slugs
  10 orcs
  14 ball pythons
  2 bats
  9 endoplasms
  2 giant cockroaches
  7 goblins
  5 hobgoblins
  23 kobolds
  3 quokkas
  3 frilled lizards
  12 rats
119 creatures vanquished.

Notes
Turn   | Place    | Note
-------+----------+-------------------------------------------
     0 | D:1      | testman the Formicid Hunter began the quest for the Orb.
     0 | D:1      | Reached XP level 1. HP: 16/16 MP: 1/1
   147 | D:1      | Reached XP level 2. HP: 23/23 MP: 2/2
   327 | D:1      | Reached XP level 3. HP: 29/29 MP: 3/3
  1079 | D:2      | Reached XP level 4. HP: 29/35 MP: 4/4
  1304 | D:2      | Found a faded altar of an unknown god.
  1314 | D:2      | Prayed at the altar of an unknown god.
  1314 | D:2      | Became a worshipper of Ignis, the Dying Flame
  1938 | D:3      | Found a glowing drain.
  2051 | Sewer    | Entered a sewer
  2070 | Sewer    | Noticed a kobold brigand
  2111 | Sewer    | Reached skill level 5 in Crossbows
  2129 | Sewer    | Noticed a kobold brigand
  2151 | Sewer    | Killed a kobold brigand
  2152 | Sewer    | Reached XP level 5. HP: 20/43 MP: 5/5
  2344 | Sewer    | Noticed a kobold brigand
  2366 | Sewer    | Killed a kobold brigand
  2367 | Sewer    | Reached XP level 6. HP: 18/50 MP: 6/6
  2727 | Sewer    | Reached skill level 5 in Fighting
  2804 | Sewer    | Reached XP level 7. HP: 17/56 MP: 7/7
  4483 | D:5      | Entered Level 5 of the Dungeon
  4562 | D:5      | Found a broken altar of Ashenzari.
  4890 | D:5      | Noticed a water moccasin
  4898 | D:5      | Killed a water moccasin
  4899 | D:5      | Reached XP level 8. HP: 48/65 MP: 8/8
  5013 | D:5      | Noticed Dowan
  5017 | D:5      | Killed Dowan
  5024 | D:5      | Noticed Duvessa
  5028 | D:5      | Slain by Duvessa

Illustrated notes

Levels and vault maps discovered:
D:1:      dpeg_arrival_simpleton_c, layout_loops_ring, serial_park_tiny_pond,
          minivault_14, minmay_door_square, minmay_misc_feat_enclosed,
          st_stairs_9
D:2:      layout_loops_cross, dreamdust_ecumenical_altar_hidden_monk_grotto,
          serial_bayou, serial_bayou_lagoon_a, serial_bayou_pond_e,
          serial_bayou_pond_c, serial_bayou_shore_b, st_stairs_1,
          chequers_serial_rivers_micro_c
D:3:      layout_basic, portal_sewer_entry_a
D:4:      layout_basic
D:5:      layout_cave_pools, old_standard_altar, serial_rivers,
          chequers_serial_rivers_large_a, chequers_serial_rivers_large_b,
          chequers_serial_rivers_marsh, chequers_serial_rivers_small_b,
          chequers_serial_rivers_micro_d, uniq_menkaure, uniq_duvessa

Skill      XL: |  1  2  3  4  5  6  7  8 |
---------------+-------------------------+-----
Fighting       | 3 4 5 6 7 |  7.0
Crossbows      | 5 6 7 |  7.4
Dodging        | |  1.7
Stealth        | |  1.2

Action                   |  1- 3 |  4- 6 |  7- 9 || total
-------------------------+-------+-------+-------++-------
 Fire: Hand crossbow     |    85 |   160 |   196 ||   441
Throw: Dart              |       |     2 |     2 ||     4
Invok: Fiery Armour      |       |     2 |     3 ||     5
       Foxfire Swarm     |       |       |     1 ||     1
 Abil: Dig               |       |     2 |       ||     2
Armor: Leather armour    |     5 |    19 |    40 ||    64
Dodge: Dodged            |    10 |    52 |    49 ||   111

Table legend: (Time is in decaauts)
 A = Elapsed time spent in this place.
 B = Non-inter-level travel time spent in this place.
 C = Inter-level travel time spent in this place.
 D = Time resting spent in this place.
 E = Time spent auto-exploring this place.
 F = Levels seen in this place.
 G = Mean time per level.
                   A        B        C        D        E       F      G
               +--------+--------+--------+--------+--------+-----+--------+
         Total |   5323 |   5121 |    202 |    991 |   3125 |   6 |  887.2 |
       Dungeon |   3944 |   3742 |    202 |    621 |   2490 |   5 |  788.8 |
         Sewer |   1378 |   1378 |      0 |    370 |    635 |   1 | 1378.0 |
               +--------+--------+--------+--------+--------+-----+--------+

Top non-repeatable levels by time:
   Sewer: 1378 daAuts
     D:2: 1198 daAuts
     D:1: 957 daAuts
     D:3: 667 daAuts
     D:4: 563 daAuts
     D:5: 556 daAuts
